AoeStats
← PanPixu

Lombardia

508831620Analyzed
4v4 RM · 8d ago on Sep 24, 2026· 25m 58s· 8 players
Game mode
Random Map
Map size
Large (8 player)
Population
200
Speed
Normal
Resources
Standard
Victory
Conquest
Starting age
Dark Age
Ending age
Imperial Age
RankedLock teamsTeams togetherTeam positionsShared explorationLock speedFull tech treeHidden civsTurbo modeCheats
Victory
Defeat
🇹🇷 Turks · Türkiye
767
+14
🇨🇦 Khmer · Canada
762
+15
🇨🇿 Varangians · Czechia
756
+15
🇨🇳 Armenians · China
718
+16
🇺🇸 Goths · United States
831
-19
🇺🇸 Bulgarians · United States
825
-51
🇨🇳 Byzantines · China
634
-11
🇫🇷 Huns · France
629
-11
★秧★FISHY
0:34 Loom
13:49 Feudal Age
15:29 Wheelbarrow
14:38 Horse Collar
14:47 Double-Bit Axe
18:53 Castle Age
20:16 Hand Cart
PanPixu
8:02 Loom
10:47 Feudal Age
19:31 Castle Age
17:50 Double-Bit Axe
18:30 Horse Collar
19:48 Arson
20:47 Squires
20:33 Gambesons
22:06 Scale Mail Armor
23:06 Bow Saw
23:57 Forging
milton friedman
0:45 Loom
11:04 Feudal Age
12:16 Double-Bit Axe
18:05 Wheelbarrow
17:53 Horse Collar
22:43 Castle Age
24:04 Hand Cart
23:36 Town Watch
SENKAII
11:13 Feudal Age
12:38 Gold Mining
14:28 Man-at-Arms
15:17 Double-Bit Axe
16:55 Long Swordsman
18:35 Forging
21:30 Scale Mail Armor
23:37 Wheelbarrow
22:55 Loom
nickvictory98
9:18 Feudal Age
18:35 Castle Age
18:10 Man-at-Arms
18:51 Long Swordsman
hotellingdavid73
9:18 Feudal Age
16:37 Horse Collar
槑槑
13:35 Feudal Age
15:34 Double-Bit Axe
16:28 Wheelbarrow
16:30 Horse Collar
NAPOLEON1096
0:33 Loom
14:16 Feudal Age
14:48 Double-Bit Axe
14:46 Horse Collar
14:54 Town Watch
16:40 Wheelbarrow
Connection lost

Rejoining the realm…

Still unreachable

The connection could not be restored.

Session expired

The server has moved on; the page needs a fresh start.